 Dungeon Crawl Stone Soup version 0.29-a0-841-g116ddc6ace (webtiles) character file.

Game seed: 17160758775988721302

32 IdlyInterested the Trooper (level 3, -4/29 HPs)
             Began as a Demonspawn Fighter on July 14, 2022.
             Slain by Terence
             ... wielding a +0 short sword
              (6 damage)
             ... on level 2 of the Dungeon.
             The game lasted 00:02:56 (1033 turns).

IdlyInterested the Trooper (Demonspawn Fighter)     Turns: 1033, Time: 00:02:56

Health: -4/29      AC:  7    Str: 16    XL:     3   Next: 8%
Magic:  3/3        EV:  8    Int:  9    God:
Gold:   72         SH:  4    Dex: 14    Spells: 3/3 levels left

rFire   . . .      SeeInvis .   a - +0 long sword
rCold   . . .      Faith    .   c - +0 buckler
rNeg    . . .      Spirit   .   b - +0 scale mail
rPois   .          Reflect  .   (no helmet)
rElec   .          Harm     .   (no cloak)
rCorr   .          Rampage  .   (no gloves)
Will    .....                   g - +0 pair of boots
Stlth   ..........              (no amulet)
HPRegen 0.09/turn               (no ring)
MPRegen 0.08/turn               (no ring)

@: mighty
A: demonic magic 1, demonic touch 1
a: no special abilities


You were on level 2 of the Dungeon.
You visited 1 branch of the dungeon, and saw 2 of its levels.

You collected 72 gold pieces.

Inventory:

Hand Weapons
 a - a +0 long sword (weapon)
 k - a +2 dagger of speed
 n - a +2 dagger of venom
Missiles
 h - 3 poisoned darts (quivered)
 i - 2 atropa-tipped darts
Armour
 b - a +0 scale mail (worn)
 c - a +0 buckler (worn)
 g - a +0 pair of boots (worn)
Scrolls
 e - a scroll of blinking {unknown}
 j - a scroll of immolation {unknown}
 l - a scroll of brand weapon {unknown}
 m - 3 scrolls of noise {unknown}
 o - a scroll of torment {unknown}
Potions
 f - a potion of brilliance {unknown}


   Skills:
 - Level 3.0 Fighting
 * Level 2.2 Long Blades
 - Level 1.0 Throwing
 - Level 2.6 Armour
 + Level 0.8 Stealth
 - Level 2.6 Shields
 * Level 0.6 Spellcasting
 - Level 1.0 Invocations
 + Level 0.7 Evocations


You had 3 spell levels left.
You didn't know any spells.
Your spell library was empty.

Dungeon Overview and Level Annotations

Branches:
Dungeon (2/15)

Altars:

Annotations:
D:2 Terence


Innate Abilities, Weirdness & Mutations

Spells you cast may paralyse adjacent enemies.
Your touch may inflict minor irresistible damage on your foes.


Message History

Terence hits you but does no damage.
You closely miss Terence.
Terence is lightly wounded.
The adder closely misses you. You block Terence's attack.
The frilled lizard bites you but does no damage.
You slash the adder!
You kill the adder!
The frilled lizard bites you but does no damage.
Terence hits you with a +0 short sword.
* * * LOW HITPOINT WARNING * * *
You have reached level 3!
Your experience leads to an increase in your attributes!
Increase (S)trength, (I)ntelligence, or (D)exterity?
You feel agile. x2; Your demonic ancestry asserts itself...
A menacing aura infuses your magic.
You barely miss the frilled lizard. Terence hits you with a +0 short sword.
* * * LOW HITPOINT WARNING * * *
The frilled lizard bites you.
* * * LOW HITPOINT WARNING * * *
Terence hits you with a +0 short sword.
* * * LOW HITPOINT WARNING * * *
The frilled lizard completely misses you.
Okay, then.
Throw: 3 darts (atropa)
Press: ? - help, Shift-Dir - straight line, f - Terence
Aim: Terence, wielding a +0 short sword and wearing a +4 chain mail of cold resistance (lightly wounded, 67% to hit, chance to blind on hit: 100%)
You throw an atropa-tipped dart. The atropa-tipped dart hits Terence.
Terence appears confused.
Terence is lightly wounded.
The frilled lizard bites you but does no damage.
You miss the frilled lizard.
Terence seems less confused.
You block the frilled lizard's attack.
Terence screams, "I'm going to kill you!"
You slash the frilled lizard!
You kill the frilled lizard!
You block Terence's attack. Terence hits you but does no damage.
You completely miss Terence.
Terence is lightly wounded.
Terence is no longer blind.
Terence hits you with a +0 short sword.
You die...

....##.
.......
.......
.......
.......##
........#
........#
.......@#
......(@#
........#
##.#.####
#... ###


You could see Terence.

Vanquished Creatures
  An adder (D:2)
  2 endoplasms (D:1)
  3 goblins (D:1)
  A hobgoblin (D:1)
  4 kobolds (D:1)
  A quokka (D:1)
  5 ball pythons (D:1)
  A frilled lizard (D:2)
  3 rats (D:1)
21 creatures vanquished.

Notes
Turn   | Place    | Note
-------+----------+-------------------------------------------
     0 | D:1      | IdlyInterested the Demonspawn Fighter began the quest for
                  | the Orb.
     0 | D:1      | Reached XP level 1. HP: 18/18 MP: 1/1
   106 | D:1      | Found a faded altar of an unknown god.
   270 | D:1      | Gained mutation: Your touch may inflict minor irresistible
                  | damage on your foes. [demonic ancestry]
   270 | D:1      | Reached XP level 2. HP: 13/24 MP: 2/2
   628 | D:1      | Reached skill level 1 in Invocations
   635 | D:1      | Reached skill level 1 in Throwing
   667 | D:1      | You fall into a shaft and drop 1 floor!
  1020 | D:2      | Noticed Terence
  1029 | D:2      | Gained mutation: Spells you cast may paralyse adjacent
                  | enemies. [demonic ancestry]
  1029 | D:2      | Reached XP level 3. HP: 8/29 MP: 3/3
  1033 | D:2      | Slain by Terence

Illustrated notes

Levels and vault maps discovered:
D:1:      dpeg_arrival_stonehenge_8_columns, layout_basic,
          shapermc_ecumenical_altar_venn, minmay_unequal
D:2:      layout_basic, nicolae_hexahallways, uniq_robin, uniq_terence

Skill      XL: |  1  2 |
---------------+-------+-----
Long Blades    | 2 |  2.2
Invocations    | 1 |  1.0
Throwing       | 1 |  1.0
Fighting       | |  3.0
Armour         | |  2.6
Stealth        | |  0.8
Shields        | |  2.6
Spellcasting   | |  0.6
Evocations     | |  0.7

Action                   || total
-------------------------++-------
Melee: Long sword        ||    66
Throw: Dart              ||     1
  Use: Potion            ||     1
Armor: Scale mail        ||    41
Dodge: Dodged            ||    35
Block: Buckler           ||    11

Table legend: (Time is in decaauts)
 A = Elapsed time spent in this place.
 B = Non-inter-level travel time spent in this place.
 C = Inter-level travel time spent in this place.
 D = Time resting spent in this place.
 E = Time spent auto-exploring this place.
 F = Levels seen in this place.
 G = Mean time per level.
                   A        B        C        D        E       F      G
               +--------+--------+--------+--------+--------+-----+--------+
         Total |   1056 |   1024 |     32 |    292 |    523 |   2 |  528.0 |
       Dungeon |   1056 |   1024 |     32 |    292 |    523 |   2 |  528.0 |
               +--------+--------+--------+--------+--------+-----+--------+

Top non-repeatable levels by time:
     D:1: 1032 daAuts
     D:2: 23 daAuts
